 Dungeon Crawl Stone Soup version 0.19-a0-607-g42021f0 (webtiles) character file.

14199 st0uf the Cleaver (level 12, -14/93 HPs)
             Began as a Formicid Fighter on June 12, 2016.
             Was a Follower of Uskayaw.
             Demolished by a white ugly thing (32 damage)
             ... on level 12 of the Dungeon.
             The game lasted 00:56:24 (11902 turns).

st0uf the Cleaver (Formicid Fighter)               Turns: 11902, Time: 00:56:24

Health: -14/93     AC:  7    Str: 32    XL:     12   Next: 42%
Magic:  14/16      EV: 16    Int:  7    God:    Uskayaw [*.....]
Gold:   689        SH: 13    Dex: 14    Spells: 0 memorised, 11 levels left

rFire  + . .     SeeInvis +     p - +2 hand axe (elec)
rCold  . . .     Gourm    .     Z - +1 leather armour "Kankergh" {rPois rF+ Str+6 Int-5}
rNeg   + . .     Faith    .     c - +0 shield
rPois  +         Spirit   .     (helmet unavailable)
rElec  .         Dismiss  .     G - +0 cloak
rCorr  +         Reflect  .     Y - +0 pair of gloves of Adaalef {rN+}
SustAt .         Harm     .     (no boots)
MR     ++...                    (no amulet)
Stlth  +.........               S - ring of Rationality {-Tele MR+ Str+4 Int+4 SInv}
                                q - ring of resist corrosion

@: very resistant to hostile enchantments, very unstealthy
A: permanent stasis, dig shafts and tunnels, four strong arms, antennae 3
a: Dig, Shaft Self, Stomp, Renounce Religion


You were on level 12 of the Dungeon.
You worshipped Uskayaw.
Uskayaw was aware of your devotion.
You were not hungry.

You visited 3 branches of the dungeon, and saw 14 of its levels.

You collected 867 gold pieces.
You spent 178 gold pieces at shops.

Inventory:

Hand Weapons
 a - a +0 war axe
 p - a +2 hand axe of electrocution (weapon)
 H - a +0 battleaxe
Armour
 b - a +0 scale mail
 c - a +0 shield (worn)
 F - a +0 pair of gloves
 G - a +0 cloak (worn)
 Y - the +0 pair of gloves of Adaalef (worn) {rN+}
   (You found it on level 11 of the Dungeon)

   It protects you from negative energy.
 Z - the +1 leather armour "Kankergh" (worn) {rPois rF+ Str+6 Int-5}
   (You found it on level 11 of the Dungeon)

   It affects your strength (+6).
   It affects your intelligence (-5).
   It protects you from fire.
   It protects you from poison.
Jewellery
 e - an uncursed ring of protection from fire
 k - an uncursed ring of magical power
 n - an uncursed ring of magical power
 q - a ring of resist corrosion (left hand)
 K - an uncursed ring of protection from magic
 R - an uncursed ring of stealth
 S - the ring of Rationality (right hand) {-Tele MR+ Str+4 Int+4 SInv}
   (You took it off an orc on level 11 of the Dungeon)

   [ring of see invisible]

   It affects your strength (+4).
   It affects your intelligence (+4).
   It affects your resistance to hostile enchantments.
   It lets you see invisible.
   It prevents most forms of teleportation.
 W - an uncursed ring of protection from fire
Wands
 y - a wand of flame (24/48)
 C - a wand of iceblast (6/15)
 I - a wand of acid (7/15)
 M - a wand of digging (3/24)
 O - a wand of teleportation (4/9)
 U - a wand of polymorph (13/24)
 V - a wand of teleportation (2/9)
Scrolls
 h - 2 scrolls of recharging {unknown}
 j - 3 scrolls of fear {unknown}
 l - 7 scrolls of identify
 r - 6 scrolls of teleportation {unknown}
 s - 5 scrolls of remove curse {unknown}
 t - 3 scrolls of immolation {unknown}
 E - 3 scrolls of fog {unknown}
 L - 2 scrolls of amnesia {unknown}
 N - a scroll of enchant weapon {unknown}
Potions
 d - 2 potions of might
 i - 6 potions of heal wounds
 m - 4 potions of flight
 u - 5 potions of curing
 w - a potion of ambrosia
 x - a potion of brilliance
 A - 4 potions of degeneration
 B - a potion of lignification
 P - a potion of agility
Books
 J - a book of Transfigurations

   Spells                             Type                      Level
   a - Irradiate                      Conjuration/Transmutation    5
   b - Statue Form                    Transmutation/Earth          6
   c - Hydra Form                     Transmutation                6
   d - Dragon Form                    Transmutation                7
 Q - a book of Frost

   Spells                             Type                      Level
   a - Freeze                         Ice                          1
   b - Throw Frost                    Conjuration/Ice              2
   c - Ozocubu's Armour               Charms/Ice                   3
   d - Throw Icicle                   Conjuration/Ice              4
   e - Summon Ice Beast               Ice/Summoning                4
 T - a book of Necromancy

   Spells                             Type                      Level
   a - Pain                           Necromancy                   1
   b - Animate Skeleton               Necromancy                   1
   c - Vampiric Draining              Necromancy                   3
   d - Regeneration                   Charms/Necromancy            3
   e - Animate Dead                   Necromancy                   4
   f - Control Undead                 Necromancy                   4
Comestibles
 f - 9 bread rations
 g - 4 meat rations
 o - 15 fruits
 v - 3 slices of pizza
 z - a royal jelly
 D - 2 beef jerkies
 X - 8 chunks of flesh


   Skills:
 + Level 8.2 Fighting
 * Level 11.9 Axes
 + Level 8.5 Armour
 + Level 6.8 Dodging
 + Level 9.8 Shields
 * Level 5.5 Invocations


You had 11 spell levels left.
You didn't know any spells.

Dungeon Overview and Level Annotations

Branches:
Dungeon (12/15)            Temple (1/1) D:7            Lair (0/6) D:8
    Orc (1/2) D:11

Altars:
Ashenzari
Cheibriados
Dithmenos
Elyvilon
Fedhas
Gozag
Hepliaklqana
Kikubaaqudgha
Makhleb
Nemelex Xobeh
Okawaru
Pakellas
Qazlal
Ru
Sif Muna
Trog
Uskayaw
Vehumet
Xom
Yredelemnul
Zin
The Shining One

Shops:
D:4 !   D:6 ?   D:9 (   D:10 [:(   D:11 (

Annotations:
D:8 4 runed doors, exclusion: 4 doors
Orc:1 Fannar


Innate Abilities, Weirdness & Mutations

You are under a permanent stasis effect.
You can dig through walls and to a lower floor.
Your four strong arms can wield two-handed weapons with a shield.
You have a pair of large antennae on your head. (SInv)


Message History

You see here a club.
A white ugly thing comes into view.
You hit the white ugly thing.
There is a sudden explosion of sparks!
The white ugly thing is moderately wounded.
The white ugly thing headbutts you. The white ugly thing freezes you!!
You hit the white ugly thing but do no damage.
The white ugly thing is moderately wounded.
The white ugly thing headbutts you! The white ugly thing freezes you!!
* * * LOW HITPOINT WARNING * * *
You completely miss the white ugly thing.
The white ugly thing is moderately wounded.
You block the white ugly thing's attack.
You slash the white ugly thing!
The white ugly thing is heavily wounded.
You hit the white ugly thing.
The white ugly thing is heavily wounded.
The white ugly thing headbutts you.
* * * LOW HITPOINT WARNING * * *
The white ugly thing freezes you!!
You die...

#...# ##'##'# #...# #..#...
######...##### #..#...
..............###### ######.#...
..รท...........#..... #......####
###...#########.... #..........
......#...#(.....#############...
......#...#............. #.......
......#...#.....@u...... #.......
......#...#.(........... #.......
..#######'#.#)#####....# ########
.......#....#))# ...# #...#.
.......'....#..# ..+ #...'.
.......#....#..# .# #...#.
################ # ######


You could see a white ugly thing.

Vanquished Creatures
  An orc high priest (Orc:1)
  3 hill giants
  3 cyclopes
  An ugly thing (D:12)
  Psyche (D:8)
  A centaur skeleton (D:11)
  A kobold demonologist (D:11)
  A komodo dragon (D:12)
  A troll (D:11)
  Prince Ribbit (D:6)
  Grinder (D:6)
  10 yaks
  A spriggan (D:7)
  Eustachio (D:4)
  Grum (D:9)
  A hippogriff (D:7)
  A hungry ghost (D:10)
  Menkaure (D:4)
  A mottled dragon (D:12)
  A warg (Orc:1)
  3 phantoms
  12 orc warriors
  2 ice beasts
  3 sky beasts
  4 ogres
  3 black bears
  2 wolves
  13 centaurs
  A crocodile (D:12)
  Blork the orc (D:6)
  4 big kobolds
  3 giant frogs
  A wyvern zombie (D:12)
  A water moccasin zombie (D:8)
  4 scorpions
  5 howler monkeys (D:9)
  5 giant frog zombies
  4 crimson imps
  2 quasits
  A gnoll shaman (D:4)
  6 hounds
  4 jellies
  8 orc priests
  9 orc wizards
  Crazy Yiuf (D:5)
  4 iguanas
  Natasha (thrice) (D:3)
  5 worker ants
  A hound zombie (D:5)
  A hound skeleton (D:4)
  8 gnolls
  11 adders
  3 shadow imps
  2 oozes
  An adder skeleton (D:9)
  5 worms
  A dart slug (D:1)
  5 giant geckos
  39 orcs
  11 bats
  A giant cockroach (D:3)
  9 goblins
  7 hobgoblins
  6 jackals
  9 quokkas
  3 ball pythons
  2 giant gecko skeletons
  7 giant newts
  9 kobolds
  8 rats
296 creatures vanquished.

Vanquished Creatures (others)
  A vampire (D:11)
1 creature vanquished.

Grand Total: 297 creatures vanquished

Notes
Turn   | Place    | Note
--------------------------------------------------------------
     0 | D:1      | st0uf the Formicid Fighter began the quest for the Orb.
     0 | D:1      | Reached XP level 1. HP: 18/18 MP: 1/1
    79 | D:1      | Reached XP level 2. HP: 22/24 MP: 2/2
   522 | D:2      | Reached XP level 3. HP: 28/29 MP: 3/3
  1166 | D:3      | Reached XP level 4. HP: 37/37 MP: 4/4
  1271 | D:3      | Reached skill level 1 in Dodging
  1277 | D:3      | Reached skill level 3 in Axes
  1277 | D:3      | Reached XP level 5. HP: 41/42 MP: 5/5
  1382 | D:3      | Noticed Natasha
  1390 | D:3      | Killed Natasha
  1535 | D:3      | Noticed Natasha
  1545 | D:3      | Killed Natasha
  1694 | D:3      | Noticed Natasha
  1700 | D:3      | Killed Natasha
  1700 | D:3      | Reached XP level 6. HP: 30/48 MP: 6/6
  2362 | D:4      | Reached skill level 4 in Axes
  2394 | D:4      | Found an opulent altar of Gozag.
  2458 | D:4      | Found a white marble altar of Elyvilon.
  2496 | D:4      | Reached XP level 7. HP: 35/54 MP: 7/7
  2738 | D:4      | Found a blossoming altar of Fedhas.
  2781 | D:4      | Noticed Menkaure
  2783 | D:4      | Noticed Eustachio
  2787 | D:4      | Killed Menkaure
  2787 | D:4      | Reached skill level 5 in Shields
  2792 | D:4      | Killed Eustachio
  3053 | D:4      | Found Doezairr's Distillery.
  3078 | D:4      | Bought a potion of curing for 30 gold pieces
  3078 | D:4      | Bought a potion of lignification for 30 gold pieces
  3078 | D:4      | Bought a potion of flight for 30 gold pieces
  3078 | D:4      | Bought a potion of degeneration for 10 gold pieces
  3149 | D:4      | Reached skill level 5 in Axes
  3169 | D:4      | Reached XP level 8. HP: 50/61 MP: 8/8
  3171 | D:4      | Reached skill level 5 in Armour
  3389 | D:5      | Entered Level 5 of the Dungeon
  3858 | D:5      | Noticed Crazy Yiuf
  3862 | D:5      | Killed Crazy Yiuf
  4088 | D:5      | Found a sparkling altar of Nemelex Xobeh.
  4218 | D:5      | Reached skill level 5 in Fighting
  4478 | D:6      | Noticed Blork the orc
  4484 | D:6      | Killed Blork the orc
  4484 | D:6      | Reached skill level 6 in Axes
  4485 | D:6      | Found Fatrax's Magic Scroll Emporium.
  4495 | D:6      | Bought a scroll of identify for 26 gold pieces
  4495 | D:6      | Bought a scroll of identify for 26 gold pieces
  4495 | D:6      | Bought a scroll of identify for 26 gold pieces
  4567 | D:6      | Found a shadowy altar of Dithmenos.
  4791 | D:6      | Noticed Grinder
  4808 | D:6      | Killed Grinder
  4808 | D:6      | Reached XP level 9. HP: 48/68 MP: 9/9
  4906 | D:6      | Found a glowing golden altar of the Shining One.
  5070 | D:6      | Found a shattered altar of Ashenzari.
  5110 | D:6      | Reached skill level 7 in Axes
  5362 | D:6      | Noticed Prince Ribbit
  5387 | D:6      | Killed Prince Ribbit
  5519 | D:7      | Found a staircase to the Ecumenical Temple.
  5536 | Temple   | Entered the Ecumenical Temple
  5698 | D:7      | Found a basalt altar of Yredelemnul.
  6212 | D:7      | Reached skill level 8 in Axes
  6322 | D:7      | Reached XP level 10. HP: 62/76 MP: 10/10
  6695 | D:8      | Found a sacrificial altar of Ru.
  6733 | D:8      | Found a staircase to the Lair.
  6770 | D:8      | Reached skill level 9 in Axes
  7074 | D:8      | Noticed Psyche
  7082 | D:8      | Killed Psyche
  7082 | D:8      | Reached skill level 5 in Dodging
  7093 | D:8      | Found a huge runed gate.
  7093 | D:8      | Found a huge runed gate.
  7093 | D:8      | Found a huge runed gate.
  7093 | D:8      | Found a huge runed gate.
  7093 | D:8      | Noticed a death yak
  7274 | D:8      | Noticed a dagger
  7274 | D:8      | Noticed a dagger
  7279 | D:8      | Found a hide-covered altar of Uskayaw.
  7290 | D:8      | Became a worshipper of Uskayaw the Reveler
  7323 | D:9      | Reached * piety under Uskayaw
  7324 | D:9      | Reached ** piety under Uskayaw
  7330 | D:9      | Found Xyrus's Weapon Shoppe.
  7384 | D:9      | Noticed an angel
  7385 | D:9      | Found a glowing silver altar of Zin.
  7745 | D:9      | Found a glowing golden altar of the Shining One.
  7827 | D:9      | Reached *** piety under Uskayaw
  7833 | D:9      | Reached skill level 1 in Invocations
  7833 | D:9      | Reached **** piety under Uskayaw
  7837 | D:9      | Reached ***** piety under Uskayaw
  7859 | D:9      | Found a bloodstained altar of Trog.
  8155 | D:10     | Entered Level 10 of the Dungeon
  8156 | D:10     | Noticed Grum
  8185 | D:9      | Killed Grum
  8278 | D:10     | Found Itzaasan's Armour Emporium.
  8322 | D:10     | Found Ceekemp's Book Boutique.
  8440 | D:10     | Found Iqautaheuts's Antique Weapon Boutique.
  8454 | D:10     | Reached XP level 11. HP: 83/83 MP: 12/12
  8620 | D:10     | Noticed a hill giant
  8628 | D:10     | Killed a hill giant
  8628 | D:10     | Reached skill level 10 in Axes
  9382 | D:11     | Found Vional's Weapon Boutique.
  9544 | D:11     | Found a staircase to the Orcish Mines.
  9546 | D:11     | Noticed a cyclops
  9573 | D:11     | Killed a cyclops
  9578 | D:11     | Got a pitted golden ring
  9706 | D:11     | Got a pair of polished gloves
  9707 | D:11     | Identified the +0 pair of gloves of Adaalef {rN+} (You found it on level 11 of the Dungeon)
  9720 | D:11     | Noticed a cyclops
  9884 | D:11     | Killed a cyclops
 10289 | D:11     | Got an encrusted leather armour
 10295 | D:11     | Identified the +1 leather armour "Kankergh" {rPois rF+ Str+6 Int-5} (You found it on level 11 of the Dungeon)
 10306 | D:11     | Identified the ring of Rationality {-Tele MR+ Str+4 Int+4 SInv} (You took it off an orc on level 11 of the Dungeon)
 10373 | Orc:1    | Entered Level 1 of the Orcish Mines
 10373 | Orc:1    | Noticed an orc high priest
 10383 | Orc:1    | Killed an orc high priest
 10383 | Orc:1    | Reached skill level 11 in Axes
 10447 | Orc:1    | Noticed Fannar
 11062 | D:12     | Noticed a hill giant
 11079 | D:12     | Killed a hill giant
 11079 | D:12     | Reached XP level 12. HP: 37/92 MP: 15/15
 11082 | D:12     | Reached skill level 5 in Invocations
 11902 | D:12     | Demolished by a white ugly thing

Vault maps used:
D:1:      kennysheep_arrival_seaside
D:3:      first_bread, uniq_natasha
D:4:      fedhas_altar_3, lemuel_crystal_altar,
          nicolae_gozag_cash_rules_everything_around_me, serial_shops, shop,
          lemuel_flame_loot_1, uniq_eustachio, uniq_menkaure
D:5:      nemelex_xobeh_ov_fountains_minmay, uniq_crazy_yiuf_cottage
D:6:      ashenzari_conservatory_becter, nicolae_dithmenos_shadow_blocks,
          basic_altar, serial_shops, shop, uniq_grinder, uniq_blork_the_orc,
          uniq_prince_ribbit1
D:7:      kennysheep_little_box, minmay_temple_entry_water_ring, minivault_1,
          the_bakery
D:8:      lemuel_bear_cage, dancing_weapons_uskayaw, kennysheep_mini_moat,
          due_lair_maze_entry_diamond, uniq_psyche
D:9:      trog_ov_bears_minmay, zin_angel, nicolae_tso_swordbearing_angel,
          serial_shops, shop
D:10:     serial_shops, kennysheep_mini, nicolae_shop_stone, shop, uniq_grum
D:11:     orc_david_3
Temple:   roderic_octagonal_lattice_temple
Orc:1:    nicolae_orc_lava_room, uniq_fannar

Skill      XL: |  1  2  3  4  5  6  7  8  9 10 11 12 |
---------------+-------------------------------------+-----
Shields        | 4 5 6 7 8 9 |  9.8
Armour         | 4 6 7 8 |  8.5
Dodging        | 1 2 3 4 5 6 |  6.8
Axes           | 3 4 5 6 8 9 11 | 11.9
Fighting       | 4 5 6 7 8 |  8.2
Invocations    | 2 4 5 |  5.5

Action                   |  1- 3 |  4- 6 |  7- 9 | 10-12 || total
-------------------------+-------+-------+-------+-------++-------
Melee: War axe           |   137 |   170 |       |       ||   307
       Hand axe          |       |       |   285 |   559 ||   844
Invok: Stomp             |       |       |       |    14 ||    14
 Abil: Dig               |       |       |     3 |    14 ||    17
  Use: Scroll            |       |       |       |     8 ||     8
 Stab: Paralysed         |       |       |       |    27 ||    27
  Eat: Chunk             |     1 |     4 |    13 |    23 ||    41
Armor: Scale mail        |    45 |    64 |    56 |    75 ||   240
       Leather armour    |       |       |       |     9 ||     9
Dodge: Dodged            |    52 |    61 |    70 |   169 ||   352
Block: Shield            |    64 |    89 |   109 |   235 ||   497
